 Seeded DCSS version 0.30.1-9-gdf580d7c3d (webtiles) character file.

Game seed: 2394977854812512649 (custom seed)

60 Psyclone the Conjurer (level 3, 0/20 HPs)
             Began as a Deep Elf Conjurer on Oct 12, 2023.
             Was an Initiate of Gozag.
             Killed from afar by Sigmund (8 damage)
             ... with a magic dart
             ... on level 2 of the Dungeon.
             The game lasted 00:03:21 (1828 turns).

Psyclone the Conjurer (Deep Elf Conjurer)           Turns: 1828, Time: 00:03:22

Health: 0/20       AC:  2    Str:  3    XL:     3   Next: 82%
Magic:  1/9        EV: 12    Int: 28    God:    Gozag
Gold:   837        SH:  0    Dex: 12    Spells: 2/8 levels left

rFire   + . .        j - +2 dagger (elec)
rCold   . . .        (no shield)
rNeg    . . .        a - +0 robe
rPois   .            (no helmet)
rElec   .            (no cloak)
rCorr   .            (no gloves)
SInv    .            (no boots)
Will    .....        (no amulet)
Stlth   ++           (no ring)
HPRegen 0.23/turn    (no ring)
MPRegen 0.11/turn

%: no passive effects
@: freezing walls, very slightly contaminated
A: clever 1, fire resistance 1, robust 1
a: Renounce Religion, Potion Petition, Call Merchant, Bribe Branch


You were on level 2 of the Dungeon.
You worshipped Gozag.
Gozag was pleased with you.
You visited 2 branches of the dungeon, and saw 6 of its levels.

You collected 2930 gold pieces.
You paid 2093 gold pieces to Gozag.

Inventory:

Hand Weapons
 j - a +2 dagger of electrocution (weapon)
Armour
 a - a +0 robe (worn)
Scrolls
 e - 2 scrolls of identify {unknown}
 f - 4 scrolls of teleportation {unknown}
 k - a scroll of butterflies {unknown}
 l - a scroll of immolation {unknown}
Potions
 b - a potion of magic
 c - a potion of might {unknown}
 d - 2 potions of berserk rage {unknown}
 g - a potion of lignification {unknown}
 h - a potion of brilliance {unknown}
 i - a potion of attraction {unknown}


   Skills:
 - Level 2.4 Dodging
 - Level 2.4 Stealth
 - Level 3.0 Spellcasting
 - Level 5.1 Conjurations
 + Level 2.9 Ice Magic


You had 2 spell levels left.
You knew the following spells:

 Your Spells              Type           Power      Damage    Failure   Level
a - Magic Dart            Conj           100%       1d8       1%          1
b - Searing Ray           Conj           66%        2d6       1%          2
c - Frozen Ramparts       Ice            40%        1d7       8%          3

Your spell library contained the following spells:

 Spells                   Type           Power      Damage    Failure   Level
 Dazzling Flash           Conj/Hex       36%        N/A       9%          3
 Fulminant Prism          Conj/Hex       9%         3d7       28%         4
 Iskenderun's Mystic Bla  Conj/Tloc      18%        2d6       28%         4
 Ice Form                 Ice/Tmut       12%        N/A       41%         4
 Summon Ice Beast         Ice/Summ       12%        N/A       41%         4


Dungeon Overview and Level Annotations

Branches:
Dungeon (5/15) Zot: 25564  Temple (1/1) D:5 Zot: 5885

Altars:
Dithmenos
Gozag
Xom

Shops:
D:2 !   Temple :=*

Annotations:
D:2 Sigmund


Innate Abilities, Weirdness & Mutations

Your mind is acute. (Int +4, Str/Dex -1)
Your flesh is heat resistant. (rF+)
You are robust. (+10% HP)


Message History

Casting: Frozen Ramparts (quite dangerous; 8% risk of failure)
Confirm with . or Enter, or press ? or * to list all spells.
The spell is quite dangerous to miscast (8% risk of failure)!
Continue anyway?
Casting: Frozen Ramparts (quite dangerous; 8% risk of failure)
Press: ? - help, Dir - look around, f - activate The walls around you are covered in ice.
You now have 4/9 mp.
Casting: Frozen Ramparts (quite dangerous; 8% risk of failure)
Confirm with . or Enter, or press ? or * to list all spells.
Aiming: Searing Ray (safe; 1% risk of failure)
Press: ? - help, Shift-Dir - straight line, f - Sigmund
Aim: Sigmund, wielding a +0 scythe and wearing a +0 robe (78% to hit)
You miscast Searing Ray.
You are very lightly contaminated with residual magic.
Nothing appears to happen.
You now have 2/9 mp.
The wall freezes Sigmund.
Sigmund hits you from afar with a +0 scythe.
You take 5 damage, and have 15/20 hp.
MASSIVE DAMAGE!!
Casting: Searing Ray (safe; 1% risk of failure)
Confirm with . or Enter, or press ? or * to list all spells.
Aiming: Searing Ray (safe; 1% risk of failure)
Press: ? - help, Shift-Dir - straight line, f/p - Sigmund
Aim: Sigmund, wielding a +0 scythe and wearing a +0 robe (lightly wounded, 78% to hit)
The searing ray hits Sigmund.
Sigmund is moderately wounded. (Press . to maintain the ray.)
The wall freezes Sigmund.
Sigmund hits you from afar with a +0 scythe!
You take 7 damage, and have 8/20 hp.
MASSIVE DAMAGE!!
You now have 0/9 mp.
Without enough magic to sustain it, your searing ray dissipates.
Casting: Searing Ray (safe; 1% risk of failure)
Confirm with . or Enter, or press ? or * to list all spells.
You don't have enough magic to cast this spell.
Unknown command.
The wall freezes Sigmund.
Sigmund gestures at you while chanting. The magic dart hits you!
You die...
Your body crumbles into a pile of gold.

#.###### #.#.# #......#
#.#.# #......# #.#.#
.......# #.#.# .#.......
#.#.# ######.## #.#.#####
. .# #.#.....#
##################.#####.#
................@.@......#
.#################.####..#
.#.........### #.#< #..#
.#.#.........# #.#. #..#
.#...#####.#.# #.#@ #@.#
.#########.#.# #.#. #..#
.........#.#.# #.#.##..#
########'#<#.# #.#$....#
#..........#####.####.###


You could see Sigmund.

Vanquished Creatures
  3 worms (D:2)
  5 ball pythons
  5 endoplasms
  2 giant cockroaches
  9 goblins
  6 hobgoblins
  3 kobolds
  A quokka (D:1)
  4 bats
  3 frilled lizards
  5 rats
46 creatures vanquished.

Notes
Turn   | Place    | Note
-------+----------+-------------------------------------------
     0 | D:1      | Psyclone the Deep Elf Conjurer began the quest for the Orb.
     0 | D:1      | Reached XP level 1. HP: 10/10 MP: 6/6
    93 | D:1      | Reached XP level 2. HP: 15/15 MP: 2/8
    96 | D:1      | Learned a level 2 spell: Searing Ray
   174 | D:1      | Reached skill level 5 in Conjurations
   222 | D:2      | Found Utwiat's Distillery.
   281 | D:4      | You fall into a shaft and drop 1 floor!
   281 | D:5      | Entered Level 5 of the Dungeon
   281 | D:5      | Found a staircase to the Ecumenical Temple.
   289 | Temple   | Entered the Ecumenical Temple
   305 | Temple   | Identified 2 scrolls of acquirement
   305 | Temple   | Acquired 1325 gold pieces
   309 | Temple   | Acquired 1291 gold pieces
   311 | Temple   | Became a worshipper of Gozag Ym Sagoz the Greedy
   402 | Temple   | Gained mutation: Your mind is acute. (Int +4, Str/Dex -1)
                  | [potion of mutation]
   402 | Temple   | Gained mutation: You are robust. (+10% HP) [potion of
                  | mutation]
   402 | Temple   | Gained mutation: Your flesh is heat resistant. (rF+)
                  | [potion of mutation]
   413 | D:5      | Noticed a black bear
   422 | D:4      | Noticed an ice beast
   526 | D:1      | Reached skill level 1 in Ice Magic
   751 | D:1      | Reached XP level 3. HP: 20/20 MP: 6/9
  1089 | D:2      | Learned a level 3 spell: Frozen Ramparts
  1804 | D:2      | Noticed Sigmund
  1828 | D:2      | Killed from afar by Sigmund

Illustrated notes

Levels and vault maps discovered:
D:1:      saegor_arrival_simple_c, layout_rooms
D:2:      layout_basic, serial_shops, shop, uniq_sigmund
D:3:      layout_basic, marbit_many_paths, serial_curves, eino_curves_01,
          eino_curves_03
D:4:      layout_cave_pools, kennysheep_mini_moat, dk_noncrumbling_3
D:5:      layout_gridville, mainiacjoe_overflow_alcove_1,
          minmay_temple_entry_grid, grunt_decor_arrowhead,
          uniq_crazy_yiuf_cottage
Temple:   hellmonk_temple_flake

Skill      XL: |  1  2  3 |
---------------+----------+-----
Conjurations   | 5 |  5.1
Ice Magic      | 1 2 |  2.9
Dodging        | |  2.4
Stealth        | |  2.4
Spellcasting   | |  3.0

Action                     || total
---------------------------++-------
  Melee: Dagger            ||     9
   Cast: Magic Dart        ||    73
         Searing Ray       ||     3
         Frozen Ramparts   ||     4
 Invoke: Call Merchant     ||     3
    Use: Scroll            ||     2
         Potion            ||     1
 Armour: Robe              ||     3
  Dodge: Dodged            ||    10
